 Dungeon Crawl Stone Soup version 0.24-a0-317-g5cb8de4b22 (webtiles) character file.

Game seed: 9271973533101430876

8 KleinerIrrer the Firebug (level 2, 20/20 HPs)
             Began as a Demonspawn Fire Elementalist on May 16, 2019.
             Got out of the dungeon alive.
             The game lasted 00:01:28 (423 turns).

KleinerIrrer the Firebug (DsFE)                      Turns: 423, Time: 00:01:29

Health: 20/20      AC:  2    Str:  8    XL:     2   Next: 0%
Magic:  5/5        EV: 12    Int: 16    God:
Gold:   4          SH:  0    Dex: 13    Spells: 4/5 levels left

rFire    . . .     SeeInvis .   (no weapon)
rCold    . . .     Gourm    .   (no shield)
rNeg     . . .     Faith    .   a - +0 robe
rPois    .         Spirit   .   (no helmet)
rElec    .         Reflect  .   (no cloak)
rCorr    .         Harm     .   (no gloves)
MR       .....                  (no boots)
Stlth    +++.......             (no amulet)
HPRegen  0.06/turn              d - ring of stealth
MPRegen  0.09/turn              (no ring)

@: no status effects
A: claws 1
a: no special abilities


You escaped.
You were not hungry.

You visited 1 branch of the dungeon, and saw 1 of its levels.

You collected 4 gold pieces.

Inventory:

Missiles
 g - 4 boomerangs (quivered)
Armour
 a - a +0 robe (worn)
Jewellery
 d - a ring of stealth (left claw)
 e - a cursed -3 ring of protection {unknown}
Potions
 b - 2 potions of curing {unknown}
Comestibles
 c - 2 rations


   Skills:
 * Level 0.6 Fighting
 + Level 1.8 Dodging
 - Level 1.9 Stealth
 + Level 2.2 Spellcasting
 + Level 1.0 Conjurations
 - Level 2.7 Fire Magic


You had 4 spell levels left.
You knew the following spells:

 Your Spells              Type           Power        Failure   Level  Hunger
a - Flame Tongue          Conj/Fire      #....        10%         1    #......

Your spell library contained the following spells:

 Spells                   Type           Power        Failure   Level  Hunger
 Throw Flame              Conj/Fire      #.....       14%         2    ###....
 Conjure Flame            Conj/Fire      #.......     28%         3    ###....
 Inner Flame              Hex/Fire       #.......     34%         3    ###....
 Sticky Flame             Conj/Fire      #.......     67%         4    #####..
 Fireball                 Conj/Fire      #.........   95%         5    ######.


Dungeon Overview and Level Annotations

Branches:
Dungeon (1/15)

Altars:


Innate Abilities, Weirdness & Mutations

You have sharp fingernails.


Message History

Unknown command.
Unknown command.
Casting: Flame Tongue (safe; 10% risk of failure)
Confirm with . or Enter, or press ? or * to list all spells.
Aiming: Flame Tongue (safe; 10% risk of failure)
Press: ? - help, Shift-Dir - straight line, f/p - hobgoblin
Aim: a hobgoblin, wielding a +0 club (almost dead)
The flame tongue hits the hobgoblin.
You kill the hobgoblin!
You have reached level 2!
Your demonic ancestry asserts itself...
Your fingernails lengthen.
You see here a mace.
There is a stone staircase leading down here.
Magic restored.
All of the chunks of flesh in your inventory have rotted away.
There is an open door here.
There is a staircase leading out of the dungeon here.
Are you sure you want to leave the Dungeon?
This will make you lose the game!
You have escaped!

#...##
#........##≈≈≈#+...##.#
...#)#
###......#.....#...##.#
##.#†#
#......≈.....≈...##.#
#.#.#
#####......≈..⌠..≈...##.#
.....
....#......#.....#......#
.....
..###≈≈≈###≈≈≈#######.#
#.# #.#.....#......# #.#
#.# #.≈..⌠..≈......# #.#
#.≈..@..§......# #..
#.#.....#......### #.#
#.'#≈≈≈##........# #.#
#.......######...###.#
#.#####.# #.........# #.
###..##########.### #.
#..........# #.# #.
#.#....###.# #.### #.
#.#.##.# #.# #....


There were no monsters in sight!

Vanquished Creatures
  2 giant cockroaches (D:1)
  A goblin (D:1)
  2 hobgoblins (D:1)
  A bat (D:1)
  A kobold (D:1)
7 creatures vanquished.

Notes
Turn   | Place    | Note
-------+----------+-------------------------------------------
     0 | D:1      | KleinerIrrer the Demonspawn Fire Elementalist began the
                  | quest for the Orb.
     0 | D:1      | Reached XP level 1. HP: 13/13 MP: 3/3
   350 | D:1      | Gained mutation: You have sharp fingernails. [demonic
                  | ancestry]
   350 | D:1      | Reached XP level 2. HP: 20/20 MP: 3/5
   423 | D:$      | Got out of the dungeon alive.

Levels and vault maps discovered:
D:1:      dpeg_arrival_rooms_with_view, layout_loops_ring

Action                   || total
-------------------------++-------
Melee: Unarmed           ||     4
Throw: Boomerang         ||    11
 Cast: Flame Tongue      ||     7
Armor: Robe              ||     8
Dodge: Dodged            ||    10

Table legend:
 A = Non-vault XP
 B = Vault XP
 C = Vault XP percentage of total XP
 D = Non-vault monster count
 E = Vault monster count
 F = Vault count percentage of total count
                 A         B        C        D         E       F
            +---------+---------+-------+---------+---------+-------
      Total |       9 |       3 |  25.0 |       5 |       2 |  28.6
            +---------+---------+-------+---------+---------+-------
        D:1 |       9 |       3 |  25.0 |       5 |       2 |  28.6
            +---------+---------+-------+---------+---------+-------
